 Dungeon Crawl Stone Soup version 0.21-a0-185-g3a6ed1e (webtiles) character file.

161 namelastname112 the Poker (level 5, -1/45 HPs)
             Began as a Draconian Wanderer on Aug 12, 2017.
             Killed by divine providence
             ... invoked by an orc priest
              (10 damage)
             ... on level 4 of the Dungeon.
             The game lasted 00:03:07 (2361 turns).

namelastname112 the Poker (Draconian Wanderer)      Turns: 2361, Time: 00:03:08

Health: -1/45      AC:  8    Str: 18    XL:     5   Next: 19%
Magic:  5/5        EV: 12    Int: 13    God:
Gold:   131        SH:  0    Dex: 10    Spells: 2/5 levels left

rFire    + . .     SeeInvis .   a - +2 spear
rCold    . . .     Gourm    .   (no shield)
rNeg     . . .     Faith    .   (armour unavailable)
rPois    .         Spirit   .   (helmet restricted)
rElec    .         Reflect  .   (no cloak)
rCorr    .         Harm     .   (no gloves)
MR       .....                  e - +2 pair of boots
Stlth    +.........             (no amulet)
HPRegen  0.15/turn              n - ring of protection from fire
MPRegen  0.09/turn              s - +3 ring of strength

@: no status effects
A: unfitting armour, cold-blooded, AC +5
a: no special abilities


You were on level 4 of the Dungeon.
You were not hungry.

You visited 1 branch of the dungeon, and saw 4 of its levels.

You collected 131 gold pieces.

Inventory:

Hand Weapons
 a - a +2 spear (weapon)
Armour
 e - a +2 pair of boots (worn)
Jewellery
 n - a ring of protection from fire (left hand)
 s - a +3 ring of strength (right hand)
Scrolls
 f - a scroll of noise {unknown}
 g - a scroll of enchant armour {unknown}
 m - a scroll of fear {unknown}
 o - 3 scrolls of enchant weapon {unknown}
 t - 2 scrolls of identify {unknown}
 u - 2 scrolls of recharging {unknown}
Potions
 c - a potion of lignification
 h - a potion of agility {unknown}
 i - 3 potions of curing {unknown}
 j - a potion of mutation {unknown}
 k - 2 potions of flight {unknown}
 p - a potion of cancellation {unknown}
 r - a potion of degeneration {unknown}
 v - a potion of heal wounds {unknown}
Books
 b - the Compendium of Black Secrets

   Spells                             Type                      Level
   a - Animate Skeleton               Necromancy                   1
   b - Regeneration                   Charms/Necromancy            3
Comestibles
 d - 3 bread rations
 l - 2 meat rations
 q - a royal jelly


   Skills:
 + Level 3.3 Fighting
 - Level 3.4 Polearms
 - Level 1.0 Throwing
 + Level 2.6 Dodging
 - Level 1.0 Stealth
 * Level 0.5 Spellcasting
   Level 3.0 Conjurations
 * Level 0.4 Necromancy
   Level 2.0 Fire Magic


You had 2 spell levels left.
You knew the following spells:

 Your Spells              Type           Power        Failure   Level  Hunger
d - Regeneration          Chrm/Necr      #.........   63%         3    ####...


Dungeon Overview and Level Annotations

Branches:
Dungeon (4/15)
 Temple: D:4-7

Altars:
Elyvilon
Qazlal
Ru

Annotations:
D:4 Menkaure


Innate Abilities, Weirdness & Mutations

Your plain brown scales are hard. (AC +5)
You cannot fit into any form of body armour.
You are cold-blooded and may be slowed by cold attacks.


Message History

The orc wizard hits you with a dagger.
You take 5 damage, and have 18/45 hp.
You are too injured to fight recklessly!
You are too injured to fight recklessly!
You are too injured to fight recklessly!
You are too injured to fight recklessly!
You are too injured to fight recklessly!
You are too injured to fight recklessly!
The orc priest invokes the aid of Beogh against you.
Beogh smites you!
* * * LOW HITPOINT WARNING * * *
The orc wizard closely misses you.
You take 10 damage, and have 8/45 hp.
MASSIVE DAMAGE!!
The orc priest looks satisfied for a moment.
The orc wizard hits you but does no damage.
The orc wizard points at you and mumbles some strange words.
The puff of frost misses you.
The orc priest calls down the wrath of Beogh upon you.
Beogh smites you!
You die...

########## #........#
############.#####.##
.....o[ooo.....# #.#
..#########@.#.# #.#
#..........#.# #.#
#.######...#.###.# #
#..........#...#.#
.#<.#.#.####...#.###.#
###M ..#.######.#.#.#
#.# #..
............#.###.#
#.# #.######.#.#.....#
#.# #........#.#######


You could see 2 orc priests, an orc wizard and an orc.

Vanquished Creatures
  An orc priest (D:3)
  2 adders
  An ooze (D:2)
  2 worms (D:2)
  4 dart slugs
  A leopard gecko (D:3)
  10 orcs
  2 ball pythons (D:1)
  5 giant cockroaches
  7 goblins
  16 hobgoblins
  9 bats
  5 frilled lizards
  6 kobolds
  9 rats
80 creatures vanquished.

Notes
Turn   | Place    | Note
-------+----------+-------------------------------------------
     0 | D:1      | namelastname112 the Draconian Wanderer began the quest for the Orb.
     0 | D:1      | namelastname112 set off with: a +2 spear, the Compendium of Black Secrets, a potion of lignification, a bread ration
     0 | D:1      | Reached XP level 1. HP: 14/14 MP: 1/1
     8 | D:1      | Identified the Compendium of Black Secrets
    62 | D:1      | Reached XP level 2. HP: 22/22 MP: 2/2
   109 | D:1      | Reached skill level 1 in Fighting
   159 | D:1      | Reached skill level 1 in Dodging
   364 | D:1      | Reached XP level 3. HP: 29/29 MP: 3/3
   608 | D:2      | Found a sacrificial altar of Ru.
   994 | D:2      | Reached XP level 4. HP: 37/37 MP: 4/4
  1605 | D:3      | Learned a level 3 spell: Regeneration
  1684 | D:3      | Reached XP level 5. HP: 45/45 MP: 5/5
  1950 | D:3      | Found a stormy altar of Qazlal.
  1950 | D:3      | Found a white marble altar of Elyvilon.
  2267 | D:4      | Noticed Menkaure
  2361 | D:4      | Killed from afar by an orc priest

Vault maps used:
D:1:      lemuel_arrival_broad_hall, moated_statue, nrook_mini_vaults,
          minmay_misc_feat_x, minmay_octomino_c4
D:2:      nicolae_ru_awakened_eye
D:3:      gammafunk_temple_overflow_elements
D:4:      doesnt_xom_only_xom, marbit_many_paths, bloody_makhleb, uniq_duvessa,
          uniq_menkaure

Skill      XL: |  1  2  3  4 |
---------------+-------------+-----
Fighting       | 1 2 3 |  3.3
Dodging        | 1 2 |  2.6
Polearms       | |  3.4
Throwing       | |  1.0
Stealth        | |  1.0
Spellcasting   | |  0.5
Conjurations   | |  3.0
Necromancy     | |  0.4
Fire Magic     | |  2.0

Action                   |  1- 3 |  4- 6 || total
-------------------------+-------+-------++-------
Melee: Spear             |   149 |   140 ||   289
       Tailslap          |    10 |     8 ||    18
 Stab: Sleeping          |     2 |       ||     2
       Distracted        |     1 |       ||     1
  Eat: Chunk             |       |     5 ||     5
Armor: Skin              |    40 |    31 ||    71
Dodge: Dodged            |    56 |    59 ||   115
